 Dungeon Crawl Stone Soup version 0.28.0-43-g3370ac3207 (webtiles) character file.

Game seed: 16985037415660611222

317 terff the Covert (level 6, -2/41 HPs)
             Began as an Octopode Brigand on Mar 20, 2022.
             Slain by an orc wizard
             ... wielding a +0 dagger
              (3 damage)
             ... on level 3 of the Dungeon.
             The game lasted 00:05:59 (1568 turns).

terff the Covert (Octopode Brigand)                 Turns: 1568, Time: 00:06:00

Health: -2/41      AC:  1    Str: 12    XL:     6   Next: 45%
Magic:  5/5        EV: 13    Int: 13    God:
Gold:   83         SH:  0    Dex: 16    Spells: 5/5 levels left

rFire   . . .      SeeInvis .   f - +7 Throatcutter {drain, coup de grace}
rCold   . . .      Faith    .   (no shield)
rNeg    . . .      Spirit   .   (helmet restricted)
rPois   .          Reflect  .   (no amulet)
rElec   .          Harm     .   (no ring)
rCorr   .          Rampage  .   (no ring)
Will    .....                   (no ring)
Stlth   +++.......              (no ring)
HPRegen 0.13/turn               (no ring)
MPRegen 0.09/turn               (no ring)
                                (no ring)
                                (no ring)

@: confused
A: almost no armour, amphibious, 8 rings, camouflage 1, gelatinous body 1,
(nimble swimmer 1), tentacles, low MP 1, strong 1
a: no special abilities


You were on level 3 of the Dungeon.
You visited 1 branch of the dungeon, and saw 4 of its levels.

You collected 83 gold pieces.

Inventory:

Hand Weapons
 a - a +2 dagger
 f - the +7 Throatcutter (weapon) {drain, coup de grace}
   (You took it off Terence on level 2 of the Dungeon)

   A truly terrible weapon, it drains the life of any living foe it strikes.
   It may instantly kill foes which have little health.
Missiles
 b - 8 poisoned darts (quivered)
 c - 2 curare-tipped darts
Wands
 g - a wand of polymorph (14)
Scrolls
 e - a scroll of summoning
 h - a scroll of amnesia {unknown}
Potions
 i - a potion of degeneration {unknown}
 j - a potion of lignification {unknown}


   Skills:
 + Level 2.6 Fighting
 + Level 2.6(2.9) Short Blades
 + Level 1.7(2.4) Long Blades
 + Level 2.4 Throwing
 + Level 1.7 Dodging
 + Level 8.9 Stealth


You had 5 spell levels left.
You didn't know any spells.
Your spell library contained the following spells:

 Spells                   Type           Power      Damage    Failure   Level
 Blink                    Tloc           0%         N/A       43%         2
 Lesser Beckoning         Tloc           0%         N/A       67%         3
 Manifold Assault         Tloc           0%         N/A       100%        5


Dungeon Overview and Level Annotations

Branches:
Dungeon (4/15)
 Temple: D:4-7

Altars:
Trog
Xom

Annotations:
D:3 1 transporter, NotreDorf's ghost, weakling MfFi


Innate Abilities, Weirdness & Mutations

You cannot wear most types of armour.
You are amphibious.
You can wear up to eight rings at the same time.
Your skin changes colour to match your surroundings (Stealth+).
Your rubbery body absorbs attacks. (AC +1, EV +1)
((You are camouflaged when in or above water. (Stealth+)))
You have tentacles for arms and can constrict up to eight enemies at once.
Your magical capacity is low. (-10% MP)
Your muscles are strong. (Str +2)


Message History

There is a stone staircase leading up here.
There is a stone staircase leading up here.
Found 6 gold pieces.
You slash the orc!
You kill the orc!
The orc wizard points at you and mumbles some strange words.
The puff of flame misses you.
Things that are here:
a +2 dagger of flaming; an orc corpse The orc wizard points at you and mumbles some strange words.
The puff of flame hits you!
The orc wizard mumbles some strange words.
The orc wizard flickers and vanishes!
Deactivating autopickup; reactivate with Ctrl-A.
You hear some strange, mumbled words.
You are confused.
Something hits you. Something hits you.
A magic dart appears from out of thin air!
The magic dart hits you!
You feel less confused.
A magic dart appears from out of thin air!
The magic dart hits you!
You hear some strange, mumbled words.
Something tries to affect you, but you resist.
You hear some strange, mumbled words.
You are confused.
Something hits you.
* * * LOW HITPOINT WARNING * * *
Something hits you.
* * * LOW HITPOINT WARNING * * *
You hit something. Your squeeze misses something.
You hear some strange, mumbled words.
A puff of flame appears from out of thin air!
The puff of flame hits you!
* * * LOW HITPOINT WARNING * * *
It was a potion of mutation.
You feel extremely strange.
You feel stronger.
You feel less energetic. Something hits you.
You die...

...............................).
..............##................
........########.#.###.####....
.................#.# #.# #...
..)...#######......# #.# #..#
..............÷###.# #<# #..#
.......#####.....#.# #.# #.†#
.......# #..#.#...###.# #..#
>......# #.##.{@....#.####..#
.......# ##.#.....<..........#
......####..#.#.....##.####..#
.....#.....##.#........# ##..#
#####.........#.....#..# #..##
#.........##.....#..###..#
#.........##.....#.......#
#.........###.####.......#
#..)....[.# #.# #.......#


There were no monsters in sight!

Vanquished Creatures
  Grinder (D:3)
  An orc priest (D:4)
  Terence (D:2)
  An orc wizard (D:3)
  A worm (D:3)
  5 orcs (D:3)
  4 ball pythons
  5 endoplasms
  A giant cockroach (D:2)
  3 hobgoblins
  2 kobolds (D:2)
  2 quokkas (D:3)
  3 bats (D:3)
  2 frilled lizards
  3 rats
35 creatures vanquished.

Notes
Turn   | Place    | Note
-------+----------+-------------------------------------------
     0 | D:1      | terff the Octopode Brigand began the quest for the Orb.
     0 | D:1      | Reached XP level 1. HP: 14/14 MP: 1/1
   192 | D:2      | Reached XP level 2. HP: 15/19 MP: 2/2
   227 | D:2      | Found a bloodstained altar of Trog.
   267 | D:2      | Noticed Terence
   274 | D:2      | Killed Terence
   275 | D:2      | Reached skill level 6 in Stealth
   275 | D:2      | Reached XP level 3. HP: 13/24 MP: 3/3
   504 | D:4      | Reached skill level 7 in Stealth
   504 | D:4      | Reached XP level 4. HP: 29/29 MP: 4/4
   506 | D:4      | Noticed a kobold brigand
   852 | D:3      | Found a transporter.
   856 | D:3      | Noticed NotreDorf's ghost (weakling MfFi)
   915 | D:3      | Noticed Grinder
   927 | D:3      | Killed Grinder
   928 | D:3      | Reached skill level 1 in Long Blades
   928 | D:3      | Reached skill level 8 in Stealth
   928 | D:3      | Reached XP level 5. HP: 11/35 MP: 5/5
   928 | D:3      | Reached XP level 6. HP: 13/41 MP: 6/6
  1219 | D:3      | Found a shimmering altar of Xom.
  1567 | D:3      | HP: 1/41 [something/puff of flame (8)]
  1568 | D:3      | Gained mutation: Your muscles are strong. (Str +2) [potion
                  | of mutation]
  1568 | D:3      | Gained mutation: Your magical capacity is low. (-10% MP)
                  | [potion of mutation]
  1568 | D:3      | Slain by an orc wizard

Illustrated notes

Levels and vault maps discovered:
D:1:      scummos_arrival_checkerplants, layout_basic,
          ebering_ecumenical_altar_rust
D:2:      layout_rooms, basic_altar, uniq_terence
D:3:      layout_rooms, led_xom_imps, gammafunk_ghost_stat_death, uniq_grinder
D:4:      layout_basic, lexackson_kobold_supper

Skill      XL: |  1  2  3  4 |
---------------+-------------+-----
Stealth        | 6 7 8 |  8.9
Long Blades    | 1 |  1.7
Fighting       | |  2.6
Short Blades   | |  2.6
Throwing       | |  2.4
Dodging        | |  1.7

Action                   |  1- 3 |  4- 6 || total
-------------------------+-------+-------++-------
Melee: Dagger            |    17 |       ||    17
       Constrict         |     6 |     8 ||    14
       Tentacles         |     4 |     6 ||    10
       Long sword        |    14 |    25 ||    39
  Use: Scroll            |       |     3 ||     3
       Potion            |       |     1 ||     1
 Stab: Sleeping          |     9 |     2 ||    11
Armor: Skin              |     3 |     1 ||     4
Dodge: Dodged            |    12 |    19 ||    31
